Map: Automaton LE

Players

Piroxiljin - Winner!

  • Race: Terran Terran
  • Spawn Location: 3:00

A.I. 1 (Medium)

  • Race: Zerg Zerg
  • Spawn Location: 9:00

VOD

Have the link to the VOD?

Description

Time

  • Played on: Jan. 14, 2019, 12:14 p.m.
  • Length: 16:58
Show
View Real Time Build Order
Export as new Build Order

Piroxiljin Terran - Winner!

Build Orders:  

Get SALT Encoding   

  12  0:01  SCV  
  13  0:15  Supply Depot  
  13  0:19  SCV  
  14  0:32  SCV  
  15  0:44  Barracks  
  15  0:45  SCV  
  16  0:59  SCV  
  17  1:07  Barracks  
  17  1:13  SCV  
  18  1:26  SCV  
  18  1:31  Refinery  
  19  1:37  Marine  
  20  1:42  Supply Depot  
  20  1:48  Orbital Command  
  20  2:14  Supply Depot  
  20  2:19  Refinery  
  20  2:26  SCV  
  21  2:40  Barracks Tech Lab  
  21  2:42  Barracks Tech Lab  
  21  2:43  SCV  
  22  2:52  Supply Depot  
  22  2:59  SCV  
  22  3:02  Combat Shield  
  23  3:06  Reaper  
  25  3:12  SCV  
  25  3:14  Supply Depot  
  25  3:28  SCV  
  25  3:31  Marine  
  27  3:37  Supply Depot  
  27  3:38  Reaper  
  28  3:50  Marauder  
  30  3:55  Command Center  
  30  3:57  SCV  
  31  4:05  Factory  
  31  4:10  Marine  
  31  4:11  Reaper  
  32  4:28  Marine  
  33  4:43  Marine  
  34  4:46  Reaper  
  35  5:01  Marauder  
  35  5:04  Factory Tech Lab, Factory  
  37  5:18  Marine  
  38  5:22  Reaper  
  39  5:32  Siege Tank  
  42  5:36  Marauder  
  42  5:39  SCV  
  42  5:55  Marauder  
  42  5:56  Hellion  
  46  5:57  Marauder  
  47  6:15  Marine  
  47  6:18  Marine  
  47  6:24  Starport  
  47  6:25  Factory Tech Lab  
  48  6:32  Cyclone  
  51  6:34  Marauder  
  51  6:36  Reaper  
  54  6:41  Refinery  
  54  6:53  SCV  
  55  6:55  Marauder  
  57  7:05  Cyclone, SCV  
  61  7:09  Marauder  
  61  7:11  SCV  
  64  7:16  Marine  
  64  7:17  Orbital Command  
  65  7:29  Supply Depot  
  65  7:30  Reaper, Supply Depot  
  65  7:32  Supply Depot  
  65  7:35  Supply Depot  
  65  7:36  Starport Tech Lab  
  66  7:37  Engineering Bay  
  66  7:40  Cyclone, Siege Tank  
  72  7:50  Unknown  
  72  8:13  Siege Tank x2  
  78  8:30  Missile Turret  
  78  8:33  Medivac  
  80  8:42  Refinery  
  80  8:45  SCV  
  81  8:52  Missile Turret  
  81  9:17  Siege Tank  
  81  9:18  Siege Tank  
  87  9:40  Supply Depot  
  87  9:42  Supply Depot  
  87  9:45  Supply Depot  
  87  9:49  Cyclone  
  90  10:05  Armory  
  90  10:06  Supply Depot  
  87  10:15  Unknown  
  84  10:48  Marauder x2  
  88  10:51  Siege Tank x2  
  88  10:53  Fusion Core  
  94  11:09  Marine x2  
  96  11:23  Cyclone, Siege Tank  
  102  11:27  Reaper, Marine  
  102  11:32  Raven  
  106  11:45  Marine  
  107  11:54  Thor  
  107  11:58  Liberator  
  107  11:59  Marine  
  114  12:03  Marine  
  112  12:40  Marine x2  
  112  12:42  Thor x2  
  126  12:58  Marauder x2  
  130  13:25  Thor  
  136  13:32  Unknown  
  134  15:33  Unknown  
  134  15:40  Unknown  
Show
View Real Time Build Order
Export as new Build Order

A.I. 1 (Medium) Zerg 

Build Orders: 1 Base Baneling Bust, Pool First 

Get SALT Encoding   

  12  0:00  Drone  
  13  0:12  Overlord  
  13  0:18  Drone  
  14  0:30  Drone  
  14  0:33  Drone  
  16  0:44  Spawning Pool  
  16  0:46  Drone  
  16  0:50  Drone  
  16  0:52  Extractor  
  16  0:56  Drone  
  17  1:06  Overlord  
  17  1:31  Queen, Zergling x2  
  20  1:38  Drone  
  20  1:39  Roach Warren  
  20  1:41  Extractor  
  20  1:42  Zergling x2  
  20  1:49  Drone  
  21  2:00  Drone  
  22  2:14  Overlord  
  22  2:21  Roach  
  24  2:32  Roach  
  26  2:43  Roach  
  28  2:44  Overlord  
  28  2:48  Drone  
  29  2:53  Drone  
  30  2:59  Drone  
  31  3:10  Drone, Roach  
  35  3:12  Drone  
  35  3:15  Drone  
  36  3:21  Overlord  
  36  3:27  Baneling Nest  
  36  3:32  Drone  
  36  3:37  Evolution Chamber  
  35  3:42  Drone, Roach  
  38  3:53  Roach  
  40  4:08  Zergling x2  
  40  5:19  Lair, Overlord, Drone  
  40  5:21  Spore Crawler  
  40  5:22  Spore Crawler, Drone  
  40  5:25  Drone  
  40  5:27  Drone  
  42  5:32  Evolution Chamber  
  42  5:33  Drone  
  41  5:47  Spine Crawler  
  41  5:48  Spine Crawler  
  39  5:50  Drone  
  39  5:53  Drone  
  41  6:08  Zergling x2  
  39  6:16  Overseer x2, Queen  
  31  6:19  Roach  
  31  6:20  Hydralisk Den  
  31  6:22  Drone, Infestation Pit  
  31  6:23  Spire  
  31  6:26  Drone  
  31  6:30  Roach  
  34  6:33  Hatchery  
  33  6:40  Roach  
  33  6:44  Drone  
  36  6:51  Roach  
  38  7:02  Roach  
  40  7:12  Hydralisk  
  42  7:23  Hydralisk  
  44  7:33  Hydralisk  
  46  7:44  Hydralisk  
  46  7:45  Queen, Drone  
  46  7:48  Spore Crawler, Drone  
  46  7:51  Drone  
  52  7:53  Spore Crawler  
  52  7:54  Spore Crawler, Drone  
  52  7:55  Overseer  
  52  7:56  Drone  
  52  7:59  Drone  
  52  8:01  Overlord  
  52  8:02  Drone  
  52  8:05  Drone  
  55  8:08  Drone  
  55  8:11  Drone  
  57  8:17  Spine Crawler, Drone  
  57  8:20  Spine Crawler, Drone  
  57  8:23  Drone  
  57  8:26  Drone  
  59  8:29  Drone  
  59  8:32  Drone  
  61  8:38  Overlord  
  61  8:42  Drone  
  62  8:49  Drone  
  62  8:52  Drone  
  62  8:55  Drone  
  65  9:24  Hydralisk, Overseer, Pneumatized Carapace  
  65  9:25  Zerg Melee Weapons Level 1, Zerg Ground Armor Level 1, Burrow  
  65  9:29  Overlord  
  67  9:49  Extractor  
  66  9:53  Drone, Extractor  
  66  10:08  Zergling x2, Hive  
  66  10:13  Drone  
  63  10:15  Roach  
  63  10:16  Drone  
  63  10:18  Drone  
  53  10:21  Drone, Roach  
  53  10:24  Drone  
  53  10:27  Drone  
  53  10:28  Roach  
  60  10:34  Overseer, Overlord  
  60  10:35  Roach  
  62  10:40  Hydralisk  
  64  10:47  Hydralisk  
  66  10:53  Hydralisk  
  68  11:00  Hydralisk  
  70  11:07  Overlord, Ravager x2, Roach  
  74  11:14  Roach  
  76  11:19  Zerg Missile Weapons Level 1  
  76  11:23  Greater Spire, Ultralisk Cavern  
  75  11:31  Hatchery  
  73  12:14  Hatchery  
  73  12:15  Queen  
  72  12:16  Zergling x2  
  72  12:22  Hydralisk  
  53  12:27  Overseer, Overlord  
  53  12:29  Roach  
  52  12:35  Overseer  
  52  12:36  Roach, Spire  
  53  12:38  Drone  
  53  12:42  Roach  
  55  12:46  Overseer, Overlord  
  55  12:52  Roach  
  55  12:54  Overseer  
  53  13:03  Overlord  
  53  13:06  Zergling x2  
  53  13:12  Overseer  
  45  13:21  Overlord  
  45  13:27  Hydralisk  
  42  13:35  Overseer  
  42  13:37  Roach  
  42  13:40  Overlord  
  41  13:45  Zergling x2, Queen  
  39  13:53  Zergling x2  
  39  13:54  Overseer  
  34  13:58  Overlord, Drone  
  34  14:00  Zergling x2  
  34  14:01  Drone  
  27  14:04  Drone  
  27  14:07  Overseer  
  27  14:08  Zergling x2, Drone  
  26  14:15  Roach  
  26  14:16  Overlord, Drone, Viper  
  28  14:18  Drone  
  28  14:22  Zergling x2  
  24  14:29  Zergling x2, Drone  
  24  14:30  Overseer  
  23  14:32  Drone  
  23  14:35  Queen, Drone  
  23  14:36  Hydralisk  
  27  14:43  Drone  
  25  14:52  Drone  
  21  15:00  Evolution Chamber  
  21  15:01  Roach  
  18  15:07  Mutalisk  
  18  15:09  Drone  
  20  15:15  Hydralisk  
  22  15:22  Zergling x2  
  23  15:29  Hydralisk  
  23  15:30  Drone  
  23  15:33  Drone  
  22  15:36  Drone  
  4  16:00  Drone  
  4  16:01  Drone  
Tags
 
Add a new tag
Caveats
  • Supply blocks, unpowered buildings, or Contaminate may cause inaccurate times.
  • Supply counts are checked every 10 seconds.